 Dungeon Crawl Stone Soup version 0.31-a0-251-gdc1e01ee57 (webtiles) character file.

Game seed: 16310156428393763870

121 qw the Shooter (level 5, -1/30 HPs)
             Began as a Gargoyle Hexslinger on July 12, 2023.
             Slain by an orc
             ... wielding a +4 flail
              (11 damage)
             ... on level 3 of the Dungeon.
             The game lasted 00:01:03 (1660 turns).

qw the Shooter (Gargoyle Hexslinger)                Turns: 1660, Time: 00:01:03

Health: -1/30      AC: 10    Str: 11    XL:     5   Next: 5%
Magic:  6/6        EV: 11    Int: 14    God:
Gold:   98         SH:  0    Dex: 14    Spells: 5/6 levels left

rFire   . . .        Y - +1 sling
rCold   . . .        (no shield)
rNeg    + . .        d - +0 leather armour
rPois   inf          f - +0 helmet
rElec   +            (no cloak)
rCorr   .            k - +0 pair of gloves
SInv    .            b - +0 pair of boots
Will    .....        (no amulet)
Stlth   +            (no ring)
HPRegen 0.25/turn    (no ring)
MPRegen 0.10/turn

%: no passive effects
@: no status effects
A: sickness immunity, AC +4, negative energy resistance 1, electricity
resistance, torment resistance 1, petrification resistance
a: no special abilities


You were on level 3 of the Dungeon.
You visited 1 branch of the dungeon, and saw 3 of its levels.

You collected 98 gold pieces.


Innate Abilities, Weirdness & Mutations

You are immune to sickness and miasma.
Your stone body is resilient. (AC +4)
You are immune to poison.
You resist negative energy. (rN+)
You are resistant to electric shocks. (rElec)
You are resistant to unholy torment.
You are immune to petrification.


   Skills:
 - Level 2.0 Fighting
 + Level 4.5 Ranged Weapons
 - Level 1.3 Armour
 - Level 1.5 Dodging
 - Level 1.0 Spellcasting
 - Level 2.6 Hexes


You had 5 spell levels left.
You knew the following spells:

 Your Spells              Type           Power      Damage    Failure   Level
a - Slow                  Hex            32%        N/A       12%         1

Your spell library contained the following spells:

 Spells                   Type           Power      Damage    Failure   Level
 Inner Flame              Hex/Fire       4%         N/A       52%         3
 Portal Projectile        Hex/Tloc       8%         N/A       52%         3
 Cause Fear               Hex            4%         N/A       75%         4

Inventory:

Hand Weapons
 Y - a +1 sling (weapon)
Armour
 b - a +0 pair of boots (worn)
 d - a +0 leather armour (worn)
 f - a +0 helmet (worn)
 k - a +0 pair of gloves (worn)
Scrolls
 a - 2 scrolls of identify
Potions
 e - a potion of mutation {unknown}
 g - a potion of resistance {unknown}
 h - a potion of might {unknown}
 i - a potion of degeneration {unknown}

Dungeon Overview and Level Annotations

Branches:
Dungeon (3/15)

Altars:
Fedhas

Shops:
D:1 ![(:   D:2 !


Message History

You shoot a sling bullet. The orc shouts!
The sling bullet hits the orc but does no damage.
The orc shouts!
You hear a shout!
An orc comes into view. It is wielding a +0 club.
The orc moves out of view.
You shoot a sling bullet. The sling bullet hits the orc.
The orc is lightly wounded.
You shoot a sling bullet. The sling bullet hits the orc.
The orc is severely wounded.
You shoot a sling bullet.
The sling bullet closely misses the orc.
You shoot a sling bullet. The sling bullet barely misses the orc.
The orc barely misses you.
You shoot a sling bullet. The sling bullet hits the orc.
You kill the orc!
The orc hits you with a +4 flail.
You shoot a sling bullet. The sling bullet hits the orc.
The orc is severely wounded.
The orc hits you with a +4 flail!
You shoot a sling bullet. The sling bullet hits the orc.
The orc is severely wounded.
The orc hits you but does no damage.
You shoot a sling bullet.
The sling bullet completely misses the orc.
The orc misses you.
You shoot a sling bullet.
The sling bullet closely misses the orc.
The orc barely misses you. x2
You shoot a sling bullet.
The sling bullet closely misses the orc.
The orc closely misses you.
You shoot a sling bullet. The sling bullet barely misses the orc.
The orc hits you with a +4 flail.
You shoot a sling bullet. The sling bullet barely misses the orc.
The orc hits you with a +4 flail.
You shoot a sling bullet. The sling bullet hits the orc.
The orc is severely wounded.
The orc hits you with a +4 flail!
You die...

#.~~~~PP7..~~~~.#
#..~~~~.7P~~~~..#
##)~~~~~~~~~~~.##
#...~~~~~~~~~..#
#####....~~~~~~~).##
...........~~~...##
...###.##.....### .
#.######## # #@#
#o.# ##.# .# .. #.#
.# .#


You could see an orc.

Vanquished Creatures
  Robin (D:3)
  An adder (D:2)
  3 gnolls (D:3)
  2 worms (D:2)
  A dart slug (D:2)
  An orc (D:3)
  3 endoplasms
  4 giant cockroaches
  6 goblins
  11 hobgoblins
  3 jackals (D:2)
  5 kobolds
  3 quokkas
  4 ball pythons
  3 bats (D:1)
  6 frilled lizards
  4 rats
61 creatures vanquished.

Notes
Turn   | Place    | Note
-------+----------+-------------------------------------------
     0 | D:1      | qw the Gargoyle Hexslinger began the quest for the Orb.
     0 | D:1      | Reached XP level 1. HP: 12/12 MP: 2/2
     0 | D:1      | 0 ||| qw: Version: 0.3-a-52-g30416fa
     0 | D:1      | 0 ||| qw: Game counter: 6576
     0 | D:1      | 0 ||| qw: Melee chars always use a shield: true
     0 | D:1      | 0 ||| qw: God list: Okawaru
     0 | D:1      | 0 ||| qw: Allow faded altars: false
     0 | D:1      | 0 ||| qw: Do Orc after clearing Dungeon:15 true
     0 | D:1      | 0 ||| qw: Do second Lair branch before Depths: true
     0 | D:1      | 0 ||| qw: Lair rune preference: random
     0 | D:1      | 0 ||| qw: Goals: Normal
     0 | D:1      | 0 ||| PLANNING D:1-11
     6 | D:1      | Found Colur's Armour Shop.
    30 | D:1      | 30 ||| SHOPLISTING +0 leather armour (24 gold, have 0).
    30 | D:1      | 30 ||| SHOPLISTING +0 leather armour of cold resistance
                  | (108 gold, have 0).
    30 | D:1      | 30 ||| SHOPLISTING +0 pair of gloves (54 gold, have 0).
    30 | D:1      | 30 ||| SHOPLISTING +1 ring mail of poison resistance (156
                  | gold, have 0).
    52 | D:1      | HP: 2/12 [kobold/+0 short sword (2)]
    54 | D:1      | Reached XP level 2. HP: 3/16 MP: 3/3
   181 | D:1      | Reached skill level 3 in Ranged Weapons
   197 | D:1      | Found Xoeles's Distillery.
   207 | D:1      | 207 ||| SHOPLISTING potion of curing (30 gold, have 0).
   207 | D:1      | 207 ||| SHOPLISTING potion of might (40 gold, have 0).
   207 | D:1      | 207 ||| SHOPLISTING potion of resistance (100 gold, have
                  | 0).
   224 | D:1      | Found Xuzaele's Antique Weapon Shoppe.
   347 | D:1      | Found Ziurung's Book Boutique.
   458 | D:1      | Reached XP level 3. HP: 21/21 MP: 4/4
   734 | D:1      | 734 ||| UPGRADING to +0 leather armour.
   744 | D:1      | 744 ||| DROPPING +0 robe.
   745 | D:1      | 745 ||| UPGRADING to +0 helmet.
   750 | D:1      | 750 ||| READING scroll labelled ZEYNLI JOEN.
   751 | D:1      | 751 ||| READING scroll labelled VALESS LOEPNIU.
   752 | D:1      | 752 ||| READING scroll labelled ATUXIDGH KICU.
   753 | D:1      | 753 ||| DROPPING scroll of poison.
   918 | D:2      | Found Udwotov's Distillery.
   927 | D:2      | 927 ||| SHOPLISTING 2 potions of curing (60 gold, have 0).
   927 | D:2      | 927 ||| SHOPLISTING potion of cancellation (80 gold, have
                  | 0).
   927 | D:2      | 927 ||| SHOPLISTING potion of curing (30 gold, have 0).
   927 | D:2      | 927 ||| SHOPLISTING potion of might (40 gold, have 0).
   927 | D:2      | 927 ||| SHOPLISTING potion of mutation (80 gold, have 0).
  1219 | D:2      | HP: 4/21 [adder (3)]
  1221 | D:2      | Reached XP level 4. HP: 6/26 MP: 5/5
  1224 | D:2      | HP: 5/26 [jackal (1)]
  1228 | D:2      | Reached skill level 4 in Ranged Weapons
  1332 | D:2      | Identified the scarf of Dim Light {shadows, Int+3}
  1390 | D:2      | 1390 ||| UPGRADING to +0 pair of boots.
  1395 | D:2      | 1395 ||| UPGRADING to +0 pair of gloves.
  1400 | D:2      | 1400 ||| DROPPING scarf of Dim Light {shadows, Int+3}.
  1401 | D:2      | 1401 ||| DROPPING +6 ring of intelligence.
  1402 | D:2      | 1402 ||| READING scroll labelled LER GINLEYP.
  1403 | D:2      | 1403 ||| READING scroll labelled DODDIH POAST.
  1426 | D:3      | Noticed Robin
  1431 | D:3      | 1431 ||| Stepping ~*~*~tactically~*~*~ (outnumbered).
  1432 | D:3      | 1432 ||| STAIRDANCE
  1452 | D:3      | 1452 ||| STAIRDANCE
  1472 | D:3      | Killed Robin
  1473 | D:3      | Reached skill level 1 in Armour
  1500 | D:3      | Found a blossoming altar of Fedhas.
  1523 | D:3      | 1523 ||| Stepping ~*~*~tactically~*~*~ (outnumbered).
  1532 | D:3      | 1532 ||| FLEEEEING.
  1533 | D:3      | 1533 ||| FLEEEEING.
  1534 | D:3      | 1534 ||| FLEEEEING.
  1535 | D:3      | 1535 ||| FLEEEEING.
  1536 | D:3      | 1536 ||| FLEEEEING.
  1537 | D:3      | 1537 ||| FLEEEEING.
  1538 | D:3      | 1538 ||| FLEEEEING.
  1539 | D:3      | 1539 ||| FLEEEEING.
  1540 | D:3      | 1540 ||| FLEEEEING.
  1541 | D:3      | 1541 ||| FLEEEEING.
  1542 | D:3      | 1542 ||| FLEEEEING.
  1543 | D:3      | 1543 ||| FLEEEEING.
  1544 | D:3      | 1544 ||| FLEEEEING.
  1546 | D:3      | 1546 ||| FLEEEEING.
  1547 | D:3      | 1547 ||| FLEEEEING.
  1548 | D:3      | 1548 ||| FLEEEEING.
  1549 | D:3      | 1549 ||| FLEEEEING.
  1550 | D:3      | 1550 ||| STAIRDANCE
  1622 | D:3      | Reached XP level 5. HP: 30/30 MP: 6/6
  1660 | D:3      | Slain by an orc

Levels and vault maps discovered:
D:1:      onia_arrival_pyramid, layout_loops_cross, serial_shops,
          nicolae_book_shop_shelving, nicolae_shop_gibbet_a_chance, shop, shop,
          minmay_misc_feat_rugged, grunt_decor_mini_mirrors,
          minmay_indecisive_spiral
D:2:      layout_rooms, serial_shops, shop, mrwooster_statue_mirror
D:3:      minmay_diamond_boxcup, layout_loops_ring, fedhas_ov_isle_minmay,
          shapermc_ecumenical_altar_mp_highgroup, hangedman_decor_push,
          uniq_terence, uniq_robin

Skill      XL: |  1  2  3  4 |
---------------+-------------+-----
Ranged Weapons | 3 4 |  4.5
Fighting       | 2 |  2.0
Armour         | 1 |  1.3
Dodging        | |  1.5
Spellcasting   | |  1.0
Hexes          | |  2.6

Action                     |  1- 3 |  4- 6 || total
---------------------------+-------+-------++-------
   Fire: Sling             |   171 |    90 ||   261
    Use: Scroll            |     3 |     2 ||     5
 Armour: Robe              |    15 |       ||    15
         Leather armour    |    37 |    29 ||    66
  Dodge: Dodged            |    80 |    46 ||   126

Table legend:
 A = Non-vault XP
 B = Vault XP
 C = Vault XP percentage of total XP
 D = Non-vault monster count
 E = Vault monster count
 F = Vault count percentage of total count
                 A         B        C        D         E       F
            +---------+---------+-------+---------+---------+-------
      Total |     136 |      38 |  21.8 |      48 |      13 |  21.3
            +---------+---------+-------+---------+---------+-------
        D:1 |      35 |       6 |  14.6 |      23 |       4 |  14.8
        D:2 |      53 |       4 |   7.0 |      19 |       2 |   9.5
        D:3 |      48 |      28 |  36.8 |       6 |       7 |  53.8
            +---------+---------+-------+---------+---------+-------
